 Dungeon Crawl Stone Soup version 0.19.5 (webtiles) character file.

138 Peloso the Shield-Bearer (level 5, 0/47 HPs)
             Began as a Minotaur Fighter on May 19, 2017.
             Was an Initiate of Okawaru.
             Slain by a gnoll
             ... wielding a +0 spear
              (3 damage)
             ... on level 4 of the Dungeon.
             The game lasted 00:03:19 (1665 turns).

Peloso the Shield-Bearer (Minotaur Fighter)         Turns: 1665, Time: 00:03:20

Health: 0/47       AC:  8    Str: 25    XL:     5   Next: 1%
Magic:  4/4        EV:  8    Int:  5    God:    Okawaru [......]
Gold:   62         SH: 10    Dex: 11    Spells: 0 memorised, 4 levels left

rFire  . . .     SeeInvis .     a - +0 long sword
rCold  + . .     Gourm    .     b - +0 scale mail
rNeg   + . .     Faith    .     c - +0 shield
rPois  .         Spirit   .     (helmet restricted)
rElec  .         Reflect  .     (no cloak)
rCorr  .         Harm     .     o - +0 pair of gloves
MR     .....                    (no boots)
Stlth  ..........               (no amulet)
                                t - ring of protection from cold
                                k - ring of positive energy

@: mighty, drained
A: retaliatory headbutt, horns 2
a: Renounce Religion


You were on level 4 of the Dungeon.
You worshipped Okawaru.
Okawaru was noncommittal.
You were hungry.

You visited 2 branches of the dungeon, and saw 5 of its levels.

You collected 62 gold pieces.

Inventory:

Hand Weapons
 a - a +0 long sword (weapon)
Armour
 b - a +0 scale mail (worn)
 c - a +0 shield (worn)
 o - a +0 pair of gloves (worn)
Jewellery
 k - a ring of positive energy (left hand)
 q - an uncursed ring of positive energy
 t - a ring of protection from cold (right hand)
Scrolls
 e - 6 scrolls of identify {unknown}
 g - 2 scrolls of fear {unknown}
 i - 3 scrolls of remove curse {unknown}
 p - a scroll of enchant weapon {unknown}
 s - a scroll of immolation {unknown}
 u - a scroll of magic mapping {unknown}
Potions
 d - a potion of might
 l - 3 potions of flight {unknown}
 r - a potion of curing {unknown}
 v - a potion of degeneration {unknown}
Comestibles
 f - 3 bread rations
 h - 2 meat rations
 j - a royal jelly
 m - a slice of pizza
 n - 2 fruits


   Skills:
 + Level 4.4(4.1) Fighting
 + Level 3.9(3.7) Long Blades
 + Level 4.4(4.2) Armour
 + Level 0.9(0.7) Dodging
 + Level 4.6(4.4) Shields


You had 4 spell levels left.
You didn't know any spells.

Dungeon Overview and Level Annotations

Branches:
Dungeon (4/15)             Temple (1/1) D:4

Altars:
Cheibriados
Dithmenos
Elyvilon
Gozag
Nemelex Xobeh
Okawaru
Qazlal
Vehumet
Yredelemnul
Zin
The Shining One

Annotations:
D:4 humperndinck's ghost, novice OpAs


Innate Abilities, Weirdness & Mutations

You reflexively headbutt those who attack you in melee.
You have a pair of horns on your head.


Message History

Okawaru accepts your kill.
You have reached level 5!
You block the gnoll's attack. The gnoll hits you but does no damage.
Humperndinck's ghost hits you but does no damage.
You partially resist.
You feel drained.
You hit the gnoll shaman.
The gnoll shaman is lightly wounded.
You block the gnoll's attack. You block the gnoll shaman's attack.
The gnoll hits you but does no damage. Humperndinck's ghost hits you.
* * * LOW HITPOINT WARNING * * *
You partially resist.
You feel drained. You block the gnoll's attack.
The gnoll shaman hits you with a whip.
* * * LOW HITPOINT WARNING * * *
You hit the gnoll shaman.
The gnoll shaman is lightly wounded.
The gnoll barely misses you.
You block humperndinck's ghost's attack.
You block the gnoll's attack.
The gnoll hits you from afar with a spear.
You die...

#.# .##.# #.# # #.##.#
#.#.# #.##.# #.#.#
#.##.###.#.#
###+###..........#####
#
#.....#.##...Wg†......
###.###.#.##..##@#
#.+.#>#.'.##..##g######
..#.#'#.#......g......#
..#.....####.)g####.#.#
..###'#####..#..# #
............###.g...#
...########.. g###.#
#### ## .g # .##


You could see a gnoll shaman, humperndinck's ghost and 3 gnolls.

Vanquished Creatures
  An orc wizard (D:4)
  4 adders
  An adder skeleton (D:4)
  3 leopard geckos (D:1)
  5 orcs
  A ball python (D:3)
  3 bats
  4 giant cockroaches
  9 goblins
  9 hobgoblins
  6 jackals (D:3)
  2 quokkas (D:2)
  2 frilled lizards
  6 kobolds
  A quokka skeleton (D:4)
  3 rats
60 creatures vanquished.

Notes
Turn   | Place    | Note
-------+----------+-------------------------------------------
     0 | D:1      | Peloso the Minotaur Fighter began the quest for the Orb.
     0 | D:1      | Reached XP level 1. HP: 19/19 MP: 0/0
   183 | D:1      | Reached XP level 2. HP: 23/27 MP: 1/1
   711 | D:2      | Reached XP level 3. HP: 32/33 MP: 2/2
  1131 | D:3      | Reached XP level 4. HP: 37/40 MP: 3/3
  1215 | D:3      | Found an opulent altar of Gozag.
  1406 | D:3      | Found a white marble altar of Elyvilon.
  1587 | D:4      | Found a staircase to the Ecumenical Temple.
  1592 | Temple   | Entered the Ecumenical Temple
  1607 | Temple   | Became a worshipper of Warmaster Okawaru
  1658 | D:4      | Noticed humperndinck's ghost (novice OpAs)
  1663 | D:4      | Reached XP level 5. HP: 11/47 MP: 4/4
  1665 | D:4      | Slain by a gnoll

Skill      XL: |  1  2  3 |
---------------+----------+-----
Shields        | 4 |  4.6
Fighting       | 4 |  4.4
Armour         | 4 |  4.4
Long Blades    | 3 |  3.9
Dodging        | |  0.9

Action                   |  1- 3 |  4- 6 || total
-------------------------+-------+-------++-------
Melee: Long sword        |    99 |    64 ||   163
       Headbutt          |     9 |     9 ||    18
  Use: Potion            |       |     1 ||     1
  Eat: Chunk             |       |     2 ||     2
Armor: Scale mail        |    45 |    49 ||    94
Dodge: Dodged            |    30 |    41 ||    71
Block: Shield            |    64 |    53 ||   117
       Rpst.: Long sword |    13 |    11 ||    24
